 Dungeon Crawl Stone Soup version 0.31-a0-208-gdb31a4691d (webtiles) character file.

Game seed: 9064801164929345611

1141 Anon1729 the Trooper (level 8, -3/71 HPs)
             Began as a Minotaur Monk on June 28, 2023.
             Was a Believer of Uskayaw.
             Slain by Pikel
             ... wielding a +1 whip of electrocution
              (10 damage)
             ... on level 6 of the Dungeon.
             The game lasted 00:01:38 (5111 turns).

Anon1729 the Trooper (Minotaur Monk)                Turns: 5111, Time: 00:01:38

Health: -3/71      AC:  5    Str: 18    XL:     8   Next: 14%
Magic:  1/1        EV: 16    Int:  7    God:    Uskayaw [**....]
Gold:   377        SH:  0    Dex: 23    Spells: 7/7 levels left

rFire   x . .        i - +0 dagger (elec)
rCold   . . .        d - orb {light}
rNeg    . . .        o - +1 leather armour of Beyond {rPois rF- MP-9 Str+3 Dex+7}
rPois   +            (helmet restricted)
rElec   .            A - +0 cloak
rCorr   .            (no gloves)
SInv    .            (no boots)
Will    .....        F - amulet of regeneration
Stlth   +            B - ring of flight
HPRegen 1.11/turn    (no ring)
MPRegen 0.07/turn

%: no passive effects
@: flying, glowing
A: horns 2, retaliatory headbutt
a: Renounce Religion, Stomp, Line Pass


You were on level 6 of the Dungeon.
You worshipped Uskayaw.
Uskayaw was noncommittal.
You visited 1 branch of the dungeon, and saw 6 of its levels.

You collected 377 gold pieces.

Inventory:

Hand Weapons
 a - a +0 short sword
 i - a +0 dagger of electrocution (weapon)
Armour
 b - a +0 robe
 d - an orb of light (worn)
 o - the +1 leather armour of Beyond (worn) {rPois rF- MP-9 Str+3 Dex+7}
   (You found it on level 2 of the Dungeon)

   Str:       It affects your strength (+3).
   Dex:       It affects your dexterity (+7).
   rF:        It makes you vulnerable to fire.
   rPois:     It protects you from poison.
   MP:        It affects your magic capacity (-9).
 p - a +0 leather armour of positive energy
 A - a +0 cloak (worn)
Jewellery
 B - a ring of flight (left hand)
 F - an amulet of regeneration (around neck)
Wands
 n - a wand of paralysis (18)
 t - a wand of roots (8)
 x - a wand of polymorph (5)
 D - a wand of flame (16)
 E - a wand of digging (6)
Scrolls
 e - 4 scrolls of identify {unknown}
 j - 2 scrolls of poison {unknown}
 k - 2 scrolls of teleportation {unknown}
 q - a scroll of immolation {unknown}
 u - 2 scrolls of noise {unknown}
 w - a scroll of brand weapon {unknown}
 y - a scroll of vulnerability {unknown}
 C - a scroll of revelation {unknown}
Potions
 c - a potion of ambrosia
 f - a potion of magic {unknown}
 g - 2 potions of degeneration {unknown}
 h - 5 potions of enlightenment {unknown}
 l - 3 potions of heal wounds {unknown}
 m - 3 potions of mutation {unknown}
 r - 5 potions of curing {unknown}
 s - a potion of attraction {unknown}
 v - a potion of berserk rage {unknown}
 z - a potion of haste {unknown}


   Skills:
 + Level 6.3 Fighting
 + Level 5.7 Short Blades
 + Level 4.9 Armour
 + Level 5.7 Dodging
 + Level 4.0 Invocations


You had 7 spell levels left.
You didn't know any spells.
Your spell library contained the following spells:

 Spells                   Type           Power      Damage    Failure   Level
 Apportation              Tloc           0%         N/A       50%         1
 Necrotise                Necr           0%         1d4       50%         1
 Shock                    Conj/Air       0%         1d3       50%         1
 Summon Small Mammal      Summ           0%         N/A       50%         1
 Scorch                   Fire           0%         2d5       63%         2
 Ignite Poison            Fire/Tmut/Pois 0%         N/A       86%         3
 Ozocubu's Armour         Ice            0%         N/A       86%         3
 Swiftness                Air            0%         N/A       86%         3
 Airstrike                Air            0%         2d(0-16)  99%         4
 Flame Wave               Conj/Fire      0%         2d4       99%         4
 Sticky Flame             Conj/Fire      0%         2d3       99%         4
 Summon Cactus Giant      Summ           0%         N/A       100%        6
 Ozocubu's Refrigeration  Ice            0%         4d7       100%        7
 Ignition                 Fire           0%         3d3       100%        8


Dungeon Overview and Level Annotations

Branches:
Dungeon (6/15)             Temple (0/1) D:4

Altars:
Ashenzari
Elyvilon
Kikubaaqudgha
Makhleb
Okawaru
Uskayaw
Zin

Annotations:
D:3 2 transporters, psellion's ghost, amateur FoHs
D:6 Pikel


Innate Abilities, Weirdness & Mutations

You have a pair of horns on your head.
You reflexively headbutt those who attack you in melee.


Message History

You hit Pikel but do no damage. You headbutt Pikel.
Pikel is severely wounded.
Pikel barely misses you.
You hit Pikel but do no damage.
Pikel is severely wounded.
Pikel hits you with a +1 whip of electrocution.
You hit Pikel but do no damage.
Pikel is severely wounded.
You barely miss Pikel. You headbutt Pikel.
Pikel is severely wounded.
Pikel hits you with a +1 whip of electrocution.
You are electrocuted!
The lemure hits you. The lemure hits you!
* * * LOW HITPOINT WARNING * * *
The lemure hits you.
* * * LOW HITPOINT WARNING * * *
You are too injured to fight recklessly!
You are too injured to fight recklessly!
You are too injured to fight recklessly!
You are too injured to fight recklessly!
You are too injured to fight recklessly!
You are too injured to fight recklessly!
You are too injured to fight recklessly!
You are too injured to fight recklessly!
You are too injured to fight recklessly!
You are too injured to fight recklessly!
You are too injured to fight recklessly!
You are too injured to fight recklessly!
You are too injured to fight recklessly!
You are too injured to fight recklessly!
You are too injured to fight recklessly!
You are too injured to fight recklessly!
You are too injured to fight recklessly!
Okay, then.
Unknown command.
You hit Pikel but do no damage. You headbutt Pikel!
Pikel is almost dead.
Pikel hits you with a +1 whip of electrocution!
* * * LOW HITPOINT WARNING * * *
You are electrocuted!
You die...

............## ..# .....
#....$.#####...
.....###......##...# #
..............#...##.# .
...................#.#..
..#.......##.##.........
##......#...(.........
#.#...........5......
#.#......#)..@K5.....
#...........555......
.....##.##.........#....
...####.##.[.....### ...
...###..##...[...## . .
...#..#..###......
##......##...#......
.##.................
.#..................


You could see Pikel, 4 lemures and an ufetubus.

Vanquished Creatures
  Grinder (D:3)
  An orc warrior (D:5)
  A centaur (D:6)
  An ogre (D:6)
  2 scorpions (D:4)
  A howler monkey (D:5)
  2 jellies
  Crazy Yiuf (D:3)
  A sleepcap (D:6)
  Ijyb (D:3)
  5 iguanas
  Natasha (thrice) (D:3)
  An orc wizard (D:5)
  5 adders
  3 white imps
  3 worms
  A dart slug (D:2)
  7 orcs
  6 ball pythons
  2 bats
  10 endoplasms
  4 giant cockroaches
  16 goblins
  3 hobgoblins (D:3)
  4 jackals (D:2)
  4 kobolds
  8 quokkas
  A frilled lizard (D:1)
  5 rats
103 creatures vanquished.

Notes
Turn   | Place    | Note
-------+----------+-------------------------------------------
     0 | D:1      | Anon1729 the Minotaur Monk began the quest for the Orb.
     0 | D:1      | Reached XP level 1. HP: 19/19 MP: 0/0
   433 | D:1      | Reached XP level 2. HP: 24/27 MP: 1/1
   542 | D:1      | Reached skill level 1 in Armour
   840 | D:1      | Reached skill level 1 in Invocations
   919 | D:2      | Reached XP level 3. HP: 33/33 MP: 2/2
   968 | D:2      | Reached skill level 4 in Fighting
   998 | D:2      | Identified the +1 leather armour of Beyond {rPois rF- MP-9
                  | Str+3 Dex+7}
  1443 | D:3      | Found a hide-covered altar of Uskayaw.
  1484 | D:3      | Noticed Grinder
  1514 | D:3      | Became a worshipper of Uskayaw the Reveller
  1514 | D:3      | Reached * piety under Uskayaw
  1524 | D:3      | Reached ** piety under Uskayaw
  1527 | D:3      | Killed Grinder
  1528 | D:3      | Reached XP level 4. HP: 26/41 MP: 0/4
  1528 | D:3      | Reached XP level 5. HP: 30/47 MP: 0/5
  1609 | D:3      | Found a transporter.
  1614 | D:3      | Noticed psellion's ghost (amateur FoHs)
  1752 | D:3      | Found a transporter.
  1818 | D:3      | Noticed Natasha
  1824 | D:3      | Killed Natasha
  1825 | D:3      | Reached XP level 6. HP: 52/55 MP: 0/6
  1907 | D:3      | Noticed Natasha
  1914 | D:3      | Killed Natasha
  1939 | D:3      | Noticed Ijyb
  1949 | D:3      | Killed Ijyb
  2075 | D:3      | Reached skill level 5 in Fighting
  2096 | D:3      | Found a runed translucent door.
  2097 | D:3      | Noticed Crazy Yiuf
  2175 | D:3      | Found a faded altar of an unknown god.
  2175 | D:3      | Found a faded altar of an unknown god.
  2183 | D:3      | Found a burning altar of Makhleb.
  2185 | D:3      | Found a white marble altar of Elyvilon.
  2187 | D:3      | Found a broken altar of Ashenzari.
  2246 | D:3      | Noticed Natasha
  2251 | D:3      | Killed Natasha
  2291 | D:3      | Noticed an angel
  2292 | D:3      | Found a glowing silver altar of Zin.
  2666 | D:3      | Killed Crazy Yiuf
  2802 | D:4      | Found a staircase to the Ecumenical Temple.
  2957 | D:4      | Reached *** piety under Uskayaw
  3290 | D:4      | Reached XP level 7. HP: 60/61 MP: 0/8
  3358 | D:4      | Reached skill level 5 in Short Blades
  3492 | D:5      | Entered Level 5 of the Dungeon
  3583 | D:5      | Reached skill level 5 in Dodging
  4038 | D:5      | Found an iron altar of Okawaru.
  4751 | D:6      | Reached skill level 6 in Fighting
  4921 | D:6      | Found an ancient bone altar of Kikubaaqudgha.
  5057 | D:6      | Reached XP level 8. HP: 70/70 MP: 0/9
  5097 | D:6      | Noticed Pikel
  5111 | D:6      | Slain by Pikel

Illustrated notes

Levels and vault maps discovered:
D:1:      wander_arrival_lonely_grave, layout_basic
D:2:      layout_basic
D:3:      layout_basic, eat_drink_and_be_merry_uskayaw,
          chequers_temple_overflow_minitemple, zin_angel,
          gammafunk_ghost_mausoleum, minmay_goblin_kobold_house, uniq_grinder,
          uniq_ijyb, uniq_crazy_yiuf_cottage, uniq_natasha
D:4:      layout_basic, minmay_temple_entry_offerings, minmay_puff
D:5:      layout_layer_cave, okawaru_ov_weapons_minmay
D:6:      layout_cave_pools, kiku_gazebo_garden_becter, uniq_pikel

Skill      XL: |  1  2  3  4  5  6  7  8 |
---------------+-------------------------+-----
Armour         | 1 2 3 4 |  4.9
Invocations    | 1 2 3 4 |  4.0
Fighting       | 4 5 6 |  6.3
Short Blades   | 4 5 |  5.7
Dodging        | 4 5 |  5.7

Action                     |  1- 3 |  4- 6 |  7- 9 || total
---------------------------+-------+-------+-------++-------
  Melee: Short sword       |    41 |       |       ||    41
         Headbutt          |    17 |    21 |    31 ||    69
         Dagger            |    38 |    72 |    89 ||   199
         Unarmed           |       |     1 |       ||     1
   Stab: Paralysed         |       |     1 |     2 ||     3
         Sleeping          |       |     1 |       ||     1
 Armour: Robe              |    12 |       |       ||    12
         Leather armour    |     3 |    16 |    11 ||    30
  Dodge: Dodged            |    54 |    35 |    41 ||   130

Table legend: (Time is in decaauts)
 A = Elapsed time spent in this place.
 B = Non-inter-level travel time spent in this place.
 C = Inter-level travel time spent in this place.
 D = Time resting spent in this place.
 E = Time spent auto-exploring this place.
 F = Levels seen in this place.
 G = Mean time per level.
                   A        B        C        D        E       F      G
               +--------+--------+--------+--------+--------+-----+--------+
         Total |   5055 |   4784 |    271 |     59 |   4132 |   6 |  842.5 |
       Dungeon |   5055 |   4784 |    271 |     59 |   4132 |   6 |  842.5 |
               +--------+--------+--------+--------+--------+-----+--------+

Top non-repeatable levels by time:
     D:3: 1354 daAuts
     D:5: 1231 daAuts
     D:1: 888 daAuts
     D:4: 729 daAuts
     D:2: 488 daAuts
     D:6: 365 daAuts
